 Dungeon Crawl Stone Soup version 0.23.0 (webtiles) character file.

Game seed: 291703192520346343

3527 silenth the Reanimator (level 9, -4/65 HPs)
             Began as a Mummy Necromancer on Feb 14, 2019.
             Was a Follower of Ashenzari.
             Slain by a death yak (11 damage)
             ... on level 7 of the Dungeon.
             The game lasted 00:20:20 (10756 turns).

silenth the Reanimator (Mummy Necromancer)         Turns: 10756, Time: 00:20:21

Health: -4/65      AC:  4    Str: 12    XL:     9   Next: 82%
Magic:  15/22      EV: 12    Int: 17    God:    Ashenzari [*.....]
Gold:   380        SH:  5    Dex: 12    Spells: 17/26 levels left

rFire    . . .     SeeInvis .   d - +2 short sword (drain)
rCold    . . .     Gourm    .   b - +0 buckler (curse)
rNeg     + + +     Faith    .   a - +0 robe
rPois    ∞         Spirit   .   l - +0 helmet (curse)
rElec    .         Reflect  .   (no cloak)
rCorr    .         Harm     .   p - +0 pair of gloves
MR       +....                  (no boots)
Stlth    ++........             e - amulet of magic regeneration
HPRegen  0.20/turn              g - ring of fire
MPRegen  0.43/turn              (no ring)

@: no status effects
A: no food or potions, fire vulnerability, cold resistance 1, negative energy
resistance 3, torment resistance, unbreathing
a: Curse Item, Scrying, Renounce Religion


You were on level 7 of the Dungeon.
You worshipped Ashenzari.
Ashenzari was aware of your devotion.
You were not hungry.

You visited 2 branches of the dungeon, and saw 9 of its levels.

You collected 380 gold pieces.

Inventory:

Hand Weapons
 d - a +2 short sword of draining (weapon)
Armour
 a - a +0 robe (worn)
 b - a cursed +0 buckler (worn)
 l - a cursed +0 helmet (worn)
 p - a +0 pair of gloves (worn)
 t - a +1 ring mail of cold resistance
Jewellery
 e - an amulet of magic regeneration (around neck)
 g - a ring of fire (left hand)
 h - an uncursed amulet of guardian spirit
Wands
 i - a wand of clouds (4)
 k - a wand of random effects (18)
 n - a wand of acid (2)
 w - a wand of polymorph (4)
Scrolls
 c - 4 scrolls of teleportation
 f - a scroll of identify
 j - 2 scrolls of enchant weapon
 m - 2 scrolls of amnesia
 o - a scroll of magic mapping
 q - a scroll of immolation
 r - a scroll of remove curse
 s - a scroll of blinking
 v - a scroll of fog


   Skills:
 + Level 4.3 Fighting
 - Level 1.0 Armour
 - Level 1.5 Dodging
 - Level 1.5 Stealth
 - Level 4.1 Shields
 + Level 9.3 Spellcasting
 - Level 10.0 Necromancy
 - Level 2.1 Evocations


You had 17 spell levels left.
You knew the following spells:

 Your Spells              Type           Power        Failure   Level  Hunger
a - Pain                  Necr           ####         1%          1    N/A
b - Animate Skeleton      Necr           N/A          1%          1    N/A
c - Vampiric Draining     Necr           #####.....   1%          3    N/A
d - Animate Dead          Necr           N/A          1%          4    N/A

Your spell library contained the following spells:

 Spells                   Type           Power        Failure   Level  Hunger
 Regeneration             Chrm/Necr      Unusable     N/A         3    N/A

Dungeon Overview and Level Annotations

Branches:
Dungeon (8/15)             Temple (1/1) D:5            Lair (0/6) D:8

Altars:
Ashenzari
Cheibriados
Dithmenos
Elyvilon
Fedhas
Gozag
Hepliaklqana
Kikubaaqudgha
Makhleb
Nemelex Xobeh
Okawaru
Qazlal
Ru
Sif Muna
Trog
Uskayaw
Vehumet
Wu Jian
Xom
Yredelemnul
Zin
The Shining One

Shops:
D:4 :   D:6 *   D:7 (


Innate Abilities, Weirdness & Mutations

You do not eat or drink.
Your flesh is vulnerable to fire.
You are immune to poison.
Your flesh is cold resistant. (rC+)
You are immune to negative energy. (rN+++)
You are immune to unholy pain and torment.
You can survive without breathing.


Message History

Confirm with . or Enter, or press ? or * to list all spells.
Aiming: Vampiric Draining (safe; 1% risk of failure)
Press: ? - help, Shift-Dir - straight line, f/p - death yak
Aim: a death yak (flame, lightly wounded)
The death yak is moderately wounded.
You feel life coursing into your body.
The death yak is engulfed in blazing flames.
The death yak snorts and paws the ground.
The death yak gores you!!
* * * LOW HITPOINT WARNING * * *
Casting: Vampiric Draining (safe; 1% risk of failure)
Confirm with . or Enter, or press ? or * to list all spells.
Aiming: Vampiric Draining (safe; 1% risk of failure)
Press: ? - help, Shift-Dir - straight line, f/p - death yak
Aim: a death yak (flame, moderately wounded)
The death yak is heavily wounded.
You feel life coursing into your body.
The death yak is engulfed in blazing flames.
The death yak gores you!
You die...

8......# #............#
##....<###............#
[##..)...#............#
..##8#...#............#
...###...#............#
.........#............#
...!.....#............#
.........#............#
.........######.@#'####
...............#Y#.#
.......#######.#§#.#
########### #.#§#.#
#8###8###8####.#§#.#
............##.#...#
............##.##..#
............##(##..#
#8###⌠###8#.##....>#


You could see a death yak.

Vanquished Creatures
  A human (D:7)
  3 yaks
  4 hogs (D:7)
  Menkaure (D:5)
  A sky beast (D:5)
  An ice beast (D:6)
  3 orc warriors
  A centaur (D:5)
  4 ogres
  2 bullfrogs
  2 scorpions (D:5)
  A crimson imp (D:6)
  A bullfrog zombie (D:5)
  2 hounds
  6 orc priests
  A gnoll shaman (D:6)
  A jelly (D:6)
  4 orc wizards
  A centaur skeleton (D:5)
  3 iguanas
  Natasha (thrice) (D:4)
  5 worker ants
  A killer bee zombie (D:8)
  A howler monkey skeleton (D:4)
  11 adders
  7 gnolls
  2 shadow imps
  An ooze (D:1)
  An adder skeleton (D:4)
  5 worms
  A dart slug (D:3)
  2 leopard geckos
  21 orcs
  2 ball pythons (D:1)
  6 giant cockroaches
  13 goblins
  7 hobgoblins
  10 jackals
  3 quokkas
  8 bats
  5 frilled lizards
  13 kobolds
  A leopard gecko skeleton (D:4)
  A quokka skeleton (D:5)
  A quokka zombie (D:6)
  6 rats
180 creatures vanquished.

Vanquished Creatures (collateral kills)
  A crimson imp (D:5)
  An orc priest (D:7)
  Robin (D:4)
  An orc (D:8)
  A bat (D:3)
  A giant cockroach (D:6)
  3 goblins (D:4)
  2 hobgoblins
  A jackal skeleton (D:6)
  2 rats (D:1)
14 creatures vanquished.

Vanquished Creatures (others)
  An orc (D:8)
  A withered plant (D:3)
2 creatures vanquished.

Grand Total: 196 creatures vanquished

Notes
Turn   | Place    | Note
-------+----------+-------------------------------------------
     0 | D:1      | silenth the Mummy Necromancer began the quest for the Orb.
     0 | D:1      | Reached XP level 1. HP: 13/13 MP: 4/4
   227 | D:1      | Learned a level 1 spell: Animate Skeleton
   270 | D:1      | Reached skill level 3 in Spellcasting
   326 | D:1      | Reached XP level 2. HP: 19/19 MP: 4/6
  1030 | D:2      | Reached XP level 3. HP: 19/24 MP: 3/7
  1035 | D:2      | Learned a level 3 spell: Vampiric Draining
  1038 | D:2      | Found a sacrificial altar of Ru.
  1206 | D:2      | Reached skill level 5 in Necromancy
  1491 | D:2      | Found a shattered altar of Ashenzari.
  1521 | D:2      | Became a worshipper of Ashenzari the Shackled
  1523 | D:2      | Reached XP level 4. HP: 17/30 MP: 1/9
  2047 | D:2      | Found a burning altar of Makhleb.
  2056 | D:2      | Reached skill level 4 in Spellcasting
  2454 | D:2      | Found a bloodstained altar of Trog.
  2478 | D:3      | Found an ancient bone altar of Kikubaaqudgha.
  2529 | D:3      | Reached skill level 1 in Shields
  2529 | D:3      | Reached XP level 5. HP: 21/35 MP: 4/11
  2978 | D:3      | Found a faded altar of an unknown god.
  3071 | D:3      | Found a hide-covered altar of Uskayaw.
  3101 | D:3      | Found a snail-covered altar of Cheibriados.
  3600 | D:3      | Reached skill level 2 in Shields
  3600 | D:3      | Reached skill level 6 in Necromancy
  3600 | D:3      | Reached XP level 6. HP: 27/41 MP: 7/12
  3759 | D:4      | Noticed Natasha
  3768 | D:4      | Killed Natasha
  3836 | D:4      | Found a deep blue altar of Sif Muna.
  3841 | D:4      | Found a shadowy altar of Dithmenos.
  3919 | D:4      | Noticed Natasha
  3928 | D:4      | Killed Natasha
  4108 | D:4      | Noticed Robin
  4164 | D:4      | Killed Robin
  4281 | D:4      | Found an ornate altar of the Wu Jian Council.
  4301 | D:4      | Noticed a troll
  4586 | D:4      | Found an opulent altar of Gozag.
  4615 | D:4      | Reached skill level 5 in Spellcasting
  4633 | D:4      | Noticed Natasha
  4647 | D:4      | Killed Natasha
  4647 | D:4      | Reached XP level 7. HP: 20/46 MP: 7/14
  4804 | D:4      | Reached skill level 3 in Shields
  4897 | D:4      | Found Baliapn's Book Emporium.
  5173 | D:5      | Entered Level 5 of the Dungeon
  5173 | D:5      | Found a radiant altar of Vehumet.
  5231 | D:5      | Reached skill level 7 in Necromancy
  5622 | D:5      | Noticed Menkaure
  5632 | D:5      | Killed Menkaure
  5632 | D:5      | Reached skill level 4 in Shields
  5632 | D:5      | Reached XP level 8. HP: 45/52 MP: 16/16
  5654 | D:5      | Reached skill level 6 in Spellcasting
  6021 | D:5      | Found a staircase to the Ecumenical Temple.
  6082 | Temple   | Entered the Ecumenical Temple
  6371 | D:5      | Learned a level 4 spell: Animate Dead
  6388 | D:5      | Reached skill level 8 in Necromancy
  6609 | D:4      | Reached skill level 7 in Spellcasting
  6871 | D:5      | Reached skill level 9 in Necromancy
  6984 | D:5      | Reached * piety under Ashenzari
  7551 | D:6      | Found a glowing golden altar of the Shining One.
  7595 | D:6      | Reached XP level 9. HP: 53/57 MP: 15/20
  8496 | D:6      | Reached skill level 1 in Fighting
  8786 | D:6      | Found Dusiphif's Assorted Antiques.
  8799 | D:6      | Reached skill level 1 in Evocations
  9052 | D:7      | Reached skill level 1 in Armour
  9304 | D:6      | HP: 4/59 [ice beast (12)]
  9330 | D:6      | Reached skill level 8 in Spellcasting
  9586 | D:7      | Found a blossoming altar of Fedhas.
  9658 | D:7      | Found Waytopn's Weapon Shop.
  9913 | D:7      | Reached skill level 10 in Necromancy
  9924 | D:7      | Reached skill level 2 in Fighting
  9933 | D:7      | Reached skill level 2 in Evocations
  9936 | D:7      | Reached skill level 3 in Fighting
 10091 | D:7      | Reached skill level 9 in Spellcasting
 10299 | D:7      | Reached skill level 4 in Fighting
 10520 | D:8      | Found a hazy altar of Hepliaklqana.
 10741 | D:8      | Found a staircase to the Lair.
 10741 | D:8      | Noticed a death yak
 10741 | D:8      | Noticed a death yak
 10741 | D:8      | Noticed a death yak
 10755 | D:7      | HP: 1/65 [death yak (26)]
 10756 | D:7      | Slain by a death yak

Skill      XL: |  1  2  3  4  5  6  7  8  9 |
---------------+----------------------------+-----
Spellcasting   | 3 4 5 7 9 |  9.3
Necromancy     | 5 6 7 9 10 | 10.0
Shields        | 1 2 4 |  4.1
Fighting       | 4 |  4.3
Evocations     | 2 |  2.1
Armour         | 1 |  1.0
Dodging        | |  1.5
Stealth        | |  1.5

Action                   |  1- 3 |  4- 6 |  7- 9 || total
-------------------------+-------+-------+-------++-------
Melee: Unarmed           |     7 |       |       ||     7
       Dagger            |    52 |     1 |       ||    53
       Short sword       |       |   146 |   317 ||   463
 Cast: Pain              |    46 |    85 |    97 ||   228
       Animate Skeleton  |     5 |    12 |    19 ||    36
       Vampiric Draining |       |    14 |    54 ||    68
       Animate Dead      |       |       |     2 ||     2
Invok: Curse Item        |       |       |     2 ||     2
Evoke: Wand              |       |     2 |     7 ||     9
  Use: Scroll            |     1 |     1 |     7 ||     9
 Stab: Sleeping          |     2 |     4 |     4 ||    10
       Distracted        |       |     1 |     1 ||     2
Armor: Robe              |    12 |    17 |    55 ||    84
Dodge: Dodged            |    38 |    56 |   217 ||   311
Block: Buckler           |       |    13 |    97 ||   110
